AoeStats
← dnespanol3

Black Forest

504836047Analyzed
1v1 RM · 26d ago on Sep 6, 2026· 36m 32s· 2 players
Game mode
Random Map
Map size
Tiny (2 player)
Population
200
Speed
Normal
Resources
Standard
Victory
Conquest
Starting age
Dark Age
Ending age
Imperial Age
RankedLock teamsTeams togetherTeam positionsShared explorationLock speedFull tech treeHidden civsTurbo modeCheats
Victory
Defeat
🇲🇽 Magyars · Mexico
286
+6
🇷🇴 Franks · Romania
42
-6
Brașoveanu'
0:48 Loom
16:03 Feudal Age
17:03 Double-Bit Axe
18:34 Wheelbarrow
26:20 Man-at-Arms
dnespanol3
0:29 Loom
20:30 Feudal Age
22:23 Arson
23:29 Wheelbarrow
22:42 Town Watch
22:46 Double-Bit Axe
24:33 Horse Collar
25:27 Bloodlines
32:30 Castle Age
32:32 Man-at-Arms
33:51 Husbandry
36:24 Hand Cart
36:11 Town Patrol
Connection lost

Rejoining the realm…

Still unreachable

The connection could not be restored.

Session expired

The server has moved on; the page needs a fresh start.